 Dungeon Crawl Stone Soup version 0.23.2-33-g5129a83184 (webtiles) character file.

Game seed: 1048665035077552980

7644 AarnesTheHuman the Basher (level 10, -2/105 (106) HPs)
             Began as a Troll Berserker on July 15, 2019.
             Was a High Priest of Trog.
             Slain by a wraith (11 damage)
             ... led by Josephine
             ... on level 10 of the Dungeon.
             The game lasted 01:02:27 (8543 turns).

AarnesTheHuman the Basher (Troll Berserker)         Turns: 8543, Time: 01:02:27

HP:   -2/105 (106)  AC: 12    Str: 30    XL:     10   Next: 99%
MP:   9/9           EV: 11    Int:  3    God:    Trog [*****.]
Gold: 155           SH: 12    Dex:  9    Spells: 9/9 levels left

rFire    . . .     SeeInvis .   m - +5 war axe (venom)
rCold    . . .     Gourm    +   q - +1 shield
rNeg     . . .     Faith    .   l - +0 robe
rPois    +         Spirit   .   (helmet restricted)
rElec    .         Reflect  .   t - +2 cloak {rPois}
rCorr    .         Harm     .   (gloves unavailable)
MR       .....                  (boots unavailable)
Stlth    +.........             (no amulet)
HPRegen  0.67/turn              n - +3 ring of protection
MPRegen  0.11/turn              d - +1 ring of evasion

@: slowed, very slow
A: large, unfitting armour, claws 3, fast metabolism 3, gourmand, regeneration
1, shaggy fur 1, tough skin 3
a: Berserk, Trog's Hand, Brothers in Arms, Renounce Religion


You were on level 10 of the Dungeon.
You worshipped Trog.
Trog was extremely pleased with you.
You were very full.

You visited 2 branches of the dungeon, and saw 11 of its levels.

You collected 498 gold pieces.
You spent 343 gold pieces at shops.

Inventory:

Hand Weapons
 k - a +1 mace of holy wrath
 m - a +5 war axe of venom (weapon)
Armour
 l - a +0 robe (worn)
 q - a +1 shield (worn)
 t - a +2 cloak of poison resistance (worn)
Jewellery
 d - a +1 ring of evasion (right claw)
 n - a +3 ring of protection (left claw)
Wands
 r - a wand of random effects (22)
 w - a wand of scattershot (5)
Scrolls
 b - a scroll of random uselessness
 i - 7 scrolls of remove curse
 j - 3 scrolls of identify
 v - a scroll of fear
Potions
 a - 2 potions of mutation
 e - 2 potions of heal wounds
 f - 2 potions of brilliance
 g - a potion of haste
 h - 2 potions of magic
 o - 2 potions of curing
 p - 2 potions of lignification
 u - 2 potions of cancellation {unknown}
Comestibles
 c - 22 rations
 s - 4 chunks of flesh


   Skills:
 + Level 8.8 Fighting
 + Level 9.6 Maces & Flails
 - Level 2.4 Dodging
 + Level 7.8 Shields


You had 9 spell levels left.
You didn't know any spells.
Your spell library contained the following spells:

 Spells                   Type           Power        Failure   Level  Hunger
 Magic Dart               Conj           #...         61%         1    ##.....
 Searing Ray              Conj           #.....       75%         2    ###....
 Dazzling Spray           Conj/Hex       #.....       93%         3    ####...
 Force Lance              Conj/Tloc      #.......     100%        4    #####..
 Fulminant Prism          Conj/Hex       #.........   100%        4    #####..
 Iskenderun's Mystic Bla  Conj           #.......     100%        4    #####..


Dungeon Overview and Level Annotations

Branches:
Dungeon (10/15)            Temple (0/1) D:6             Orc (1/2) D:9
   Lair: D:8-11

Altars:
Elyvilon
Fedhas
Gozag
Kikubaaqudgha
Nemelex Xobeh
Okawaru
Qazlal
Sif Muna
Uskayaw
Wu Jian

Shops:
D:8 ?[

Annotations:
D:8 2 transporters, Grendash's ghost, novice DDFi
D:10 Josephine


Innate Abilities, Weirdness & Mutations

You are too large for most types of armour.
You have claws for hands.
Your metabolism is lightning-fast.
You like to eat raw meat.
Your natural rate of healing is unusually fast.
You are covered in fur. (AC +1)
You have extremely tough skin. (AC +3)


Message History

Josephine hits you with a +2 vampiric dagger!
* * * LOW HITPOINT WARNING * * *
Josephine draws strength from your wounds!
The wraith closely misses you. The wraith hits you.
* * * LOW HITPOINT WARNING * * *
The wraith drains your vigour!
You feel as though you will be slow longer.
You block the wraith's attack.
Your troll goes berserk!
The wraith hits you.
* * * LOW HITPOINT WARNING * * *
The wraith drains your vigour!
You feel as though you will be slow longer.
You block Josephine's attack. You block the wraith's attack.
The wraith hits you!
* * * LOW HITPOINT WARNING * * *
The wraith drains your vigour!
You feel as though you will be slow longer.
You block Josephine's attack. The wraith hits you!
You die...

..#. #..........# ....#
#....#..##.# # ..#
####.......# #> #.+
#........ #.##.#
#....##..
####....########........
#.....................##
#.?...W.........##..#
#..T.@@.............#
#....WW.#'###########
#.......).'........
$.?.......#........
#..#....#.#........
..........#........
##+########........
#........ ### #........
#..


You could see Josephine, 3 wraiths and a friendly troll (berserk).

Vanquished Creatures
  A two-headed ogre (D:8)
  An unseen horror (D:10)
  Psyche (D:10)
  A hornet (D:9)
  A hippogriff (D:10)
  Sigmund (D:3)
  2 wraiths (D:10)
  A water moccasin (D:5)
  5 orc warriors
  3 phantoms
  4 sky beasts
  2 black bears
  2 eyes of draining (D:9)
  A necrophage (D:8)
  10 ogres
  4 centaurs
  A big kobold (D:8)
  6 bullfrogs
  2 scorpions
  6 killer bees (D:9)
  2 howler monkeys (D:5)
  7 wights
  2 crimson imps
  A quasit (D:7)
  3 bullfrog zombies
  2 bullfrog skeletons
  4 hounds
  2 jellies
  5 orc priests
  11 orc wizards
  2 centaur skeletons (D:4)
  Terence (D:2)
  5 worker ants
  A killer bee zombie (D:8)
  A hound skeleton (D:7)
  2 worker ant zombies (D:5)
  3 gnolls (D:6)
  7 adders
  2 shadow imps
  An ooze (D:2)
  2 adder skeletons
  2 worms
  7 leopard geckos
  40 orcs
  6 giant cockroaches
  3 goblins
  3 hobgoblins (D:1)
  10 jackals
  3 quokkas
  A ball python (D:3)
  10 bats
  5 frilled lizards
  10 kobolds
  A leopard gecko skeleton (D:4)
  2 leopard gecko zombies
  A quokka skeleton (D:4)
  3 rats
  4 bushes (D:8)
232 creatures vanquished.

Notes
Turn   | Place    | Note
-------+----------+-------------------------------------------
     0 | D:1      | AarnesTheHuman the Troll Berserker began the quest for the
                  | Orb.
     0 | D:1      | Reached XP level 1. HP: 22/22 MP: 0/0
   104 | D:1      | Reached skill level 3 in Maces & Flails
   118 | D:1      | Reached XP level 2. HP: 28/29 MP: 1/1
   713 | D:2      | Noticed Terence
   726 | D:2      | Killed Terence
   726 | D:2      | Reached ** piety under Trog
   726 | D:2      | Reached XP level 3. HP: 19/37 MP: 2/2
   906 | D:2      | Found a sparkling altar of Nemelex Xobeh.
  1114 | D:2      | Reached XP level 4. HP: 38/45 MP: 3/3
  1166 | D:2      | Found an ancient bone altar of Kikubaaqudgha.
  1176 | D:2      | Found an ornate altar of the Wu Jian Council.
  1408 | D:3      | Reached skill level 4 in Maces & Flails
  1511 | D:3      | Found a stormy altar of Qazlal.
  2179 | D:4      | Noticed an ogre
  2191 | D:4      | Killed an ogre
  2191 | D:4      | Reached skill level 1 in Shields
  2191 | D:4      | Reached XP level 5. HP: 47/54 MP: 4/4
  2250 | D:4      | Noticed Sigmund
  2324 | D:4      | Reached XP level 6. HP: 62/62 MP: 5/5
  2556 | D:4      | Reached *** piety under Trog
  2648 | D:4      | Reached skill level 5 in Maces & Flails
  2788 | D:3      | Killed Sigmund
  2788 | D:3      | Reached XP level 7. HP: 19/71 MP: 6/6
  2937 | D:4      | Found an iron altar of Okawaru.
  3301 | D:5      | Entered Level 5 of the Dungeon
  3389 | D:5      | Reached skill level 5 in Fighting
  3812 | D:5      | Reached XP level 8. HP: 65/80 MP: 7/7
  4190 | D:5      | Reached skill level 6 in Maces & Flails
  4688 | D:6      | Found a staircase to the Ecumenical Temple.
  4863 | D:6      | Reached **** piety under Trog
  5132 | D:6      | Reached skill level 5 in Shields
  5209 | D:6      | Reached skill level 7 in Maces & Flails
  5209 | D:6      | Reached XP level 9. HP: 92/92 MP: 8/8
  5796 | D:7      | Found a deep blue altar of Sif Muna.
  6384 | D:8      | Found Ciwemyso's Antique Armour Shop.
  6388 | D:8      | Found an opulent altar of Gozag.
  6441 | D:8      | Bought a runed cloak for 195 gold pieces
  6449 | D:8      | Noticed a two-headed ogre
  6468 | D:8      | Killed a two-headed ogre
  6468 | D:8      | Reached skill level 8 in Maces & Flails
  6503 | D:8      | Reached XP level 10. HP: 99/101 MP: 9/9
  6523 | D:8      | Found Telock's Magic Scroll Boutique.
  6528 | D:8      | Found a blossoming altar of Fedhas.
  6529 | D:8      | Bought a scroll of identify for 22 gold pieces
  6529 | D:8      | Bought a scroll of identify for 22 gold pieces
  6529 | D:8      | Bought a scroll of enchant weapon for 82 gold pieces
  6529 | D:8      | Bought a scroll of identify for 22 gold pieces
  6599 | D:8      | Reached ***** piety under Trog
  6627 | D:8      | Noticed Grendash's ghost (novice DDFi)
  6628 | D:8      | Found a transporter.
  6632 | D:8      | Found a transporter.
  7101 | D:9      | Found a white marble altar of Elyvilon.
  7102 | D:9      | Found a hide-covered altar of Uskayaw.
  7148 | D:9      | Found a deep blue altar of Sif Muna.
  7278 | D:9      | Found a staircase to the Orcish Mines.
  7490 | D:9      | Reached skill level 9 in Maces & Flails
  7733 | Orc:1    | Entered Level 1 of the Orcish Mines
  7734 | Orc:1    | Noticed an orc knight
  8010 | D:10     | Entered Level 10 of the Dungeon
  8089 | D:10     | Noticed Psyche
  8093 | D:10     | Killed Psyche
  8231 | D:10     | Killed an unseen horror
  8528 | D:10     | Noticed Josephine
  8543 | D:10     | Slain by a wraith

Skill      XL: |  1  2  3  4  5  6  7  8  9 10 |
---------------+-------------------------------+-----
Maces & Flails | 3 4 5 7 8 9 |  9.6
Fighting       | 3 4 5 6 7 8 |  8.8
Shields        | 1 2 3 5 6 7 |  7.8
Dodging        | |  2.4

Action                   |  1- 3 |  4- 6 |  7- 9 | 10-12 || total
-------------------------+-------+-------+-------+-------++-------
Melee: Mace              |    97 |   226 |   153 |       ||   476
       War axe           |       |       |   236 |   226 ||   462
Invok: Brothers in Arms  |       |       |       |     1 ||     1
  Use: Scroll            |     3 |     4 |     9 |     7 ||    23
 Stab: Sleeping          |       |     1 |       |       ||     1
       Distracted        |       |       |     1 |       ||     1
  Eat: Chunk             |    15 |    17 |    32 |    20 ||    84
       Ration            |       |       |     1 |       ||     1
Armor: Animal skin       |    61 |       |       |       ||    61
       Robe              |     6 |    85 |   155 |   110 ||   356
Dodge: Dodged            |    91 |    78 |   156 |    84 ||   409
Block: Shield            |       |    50 |   210 |   145 ||   405
